 Dungeon Crawl Stone Soup version 0.28-a0-843-gb979743d38 (webtiles) character file.

Game seed: 15759244304120815783

12812 Ijustatesigmund the Fighter (level 11, -3/74 HPs)
             Began as a Gargoyle Fighter on Nov 12, 2021.
             Was a Priest of Cheibriados.
             Slain by a shambling mangrove (12 damage)
             ... on level 8 of the Dungeon.
             The game lasted 00:28:26 (12271 turns).

Ijustatesigmund the Fighter (Gargoyle Fighter)     Turns: 12271, Time: 00:28:26

Health: -3/74      AC: 20    Str: 31 (33) XL:     11   Next: 99%
Magic:  13/16      EV: 13    Int: 17 (19) God:    Cheibriados [***...]
Gold:   841        SH:  6    Dex: 13 (16) Spells: 9/10 levels left

rFire   . . .      SeeInvis +   a - +4 flail
rCold   . . .      Faith    .   c - +1 buckler
rNeg    + . .      Spirit   .   b - +3 leather armour
rPois   ∞          Reflect  .   j - +2 helmet {SInv}
rElec   +          Harm     .   (no cloak)
rCorr   .          Rampage  .   (no gloves)
Will    .....                   n - +1 pair of boots
Stlth   +.........              y - amulet of regeneration
HPRegen 1.22/turn               x - +4 ring of evasion
MPRegen 0.15/turn               u - +6 ring of strength

@: grasped by roots, constricted, very slow
A: sickness immunity, AC +8, negative energy resistance 1, electricity
resistance, torment resistance 1, petrification resistance
a: Renounce Religion, Bend Time, Temporal Distortion


You were on level 8 of the Dungeon.
You worshipped Cheibriados.
Cheibriados was most pleased with you.
You visited 2 branches of the dungeon, and saw 11 of its levels.

You collected 1941 gold pieces.
You spent 1100 gold pieces at shops.

Inventory:

Hand Weapons
 a - a +4 flail (weapon)
 q - a +4 antimagic war axe
 B - a +3 whip of holy wrath
Armour
 b - a +3 leather armour (worn)
 c - a +1 buckler (worn)
 j - a +2 helmet of see invisible (worn)
 n - a +1 pair of boots (worn)
Jewellery
 r - an amulet of magic regeneration
 u - a +6 ring of strength (right hand)
 w - a ring of protection from cold
 x - a +4 ring of evasion (left hand)
 y - an amulet of regeneration (around neck)
Wands
 p - a wand of paralysis (1)
 v - a wand of polymorph (17)
Scrolls
 d - 2 scrolls of magic mapping
 f - 2 scrolls of blinking
 g - a scroll of immolation
 l - a scroll of fog
 m - 2 scrolls of teleportation
 z - a scroll of silence
 A - a scroll of fear
Potions
 e - 2 potions of curing
 h - 2 potions of magic
 i - 2 potions of cancellation
 k - 4 potions of flight
 o - a potion of lignification
 t - a potion of resistance {unknown}


   Skills:
 + Level 11.2 Fighting
 + Level 9.4 Maces & Flails
 + Level 8.4 Armour
 - Level 3.2 Dodging
 - Level 5.5 Shields
 - Level 1.5 Translocations
 + Level 7.0 Invocations
 - Level 6.3 Evocations


You had 9 spell levels left.
You knew the following spells:

 Your Spells              Type           Power      Damage    Failure   Level
a - Apportation           Tloc           10%        N/A       13%         1

Your spell library contained the following spells:

 Spells                   Type           Power      Damage    Failure   Level
 Slow                     Hex            0%         N/A       26%         1
 Ensorcelled Hibernation  Hex/Ice        0%         N/A       36%         2
 Confusing Touch          Hex            0%         N/A       58%         3
 Ozocubu's Armour         Ice            0%         N/A       58%         3
 Spider Form              Tmut/Pois      0%         N/A       58%         3
 Vampiric Draining        Necr           0%         2d6       58%         3
 Passage of Golubria      Tloc           5%         N/A       78%         4
 Summon Forest            Summ/Tloc      1%         N/A       99%         5
 Alistair's Intoxication  Tmut/Pois      0%         N/A       100%        5
 Ozocubu's Refrigeration  Ice            0%         4d5       100%        7


Dungeon Overview and Level Annotations

Branches:
Dungeon (10/15)            Temple (1/1) D:7             Orc (0/2) D:9
   Lair: D:8-11

Altars:
Ashenzari
Cheibriados
Dithmenos
Elyvilon
Fedhas
Gozag
Hepliaklqana
Kikubaaqudgha
Makhleb
Nemelex Xobeh
Okawaru
Qazlal
Ru
Sif Muna
Trog
Uskayaw
Vehumet
Wu Jian
Xom
Yredelemnul
Zin
The Shining One

Shops:
D:3 !   D:7 =*

Annotations:
D:8 exclusion: oklob plant
D:10 2 transporters


Innate Abilities, Weirdness & Mutations

You are immune to sickness and miasma.
Your stone body is resilient. (AC +8)
You are immune to poison.
You resist negative energy. (rN+)
You are resistant to electric shocks. (rElec)
You are resistant to unholy torment.
You are immune to petrification.


Message History

Roots burst forth from the earth!
The grasping roots grab you! The grasping roots constrict you!
You sock the shambling mangrove!
The shambling mangrove is moderately damaged.
You hit the shambling mangrove but do no damage.
The shambling mangrove is moderately damaged.
The shambling mangrove closely misses you.
The grasping roots constrict you!!
You are too injured to fight recklessly!
You are too injured to fight recklessly!
You are too injured to fight recklessly!
You are too injured to fight recklessly!
You are too injured to fight recklessly!
You are too injured to fight recklessly!
It was a potion of degeneration.
There was something very wrong with that liquid.
You feel weakened.
You feel dopey.
You feel clumsy. The shambling mangrove hits you!
* * * LOW HITPOINT WARNING * * *
The grasping roots constrict you.
Aiming: Mindburst
Press: ? - help, Shift-Dir - straight line, f - shambling mangrove
Aim: a shambling mangrove (moderately damaged, chance to affect: 23%)
The shambling mangrove resists with almost no effort.
The now-empty wand crumbles to dust.
The shambling mangrove hits you!
* * * LOW HITPOINT WARNING * * *
The grasping roots constrict you.
* * * LOW HITPOINT WARNING * * *
You can't see any enemies this would affect, really read the scroll of fear?
Okay, then.
Blink to where?
Press: ? - help, Dir - move target, p - shambling mangrove The roots' grasp on you weakens, but your attempt to escape fails.
As you read the scroll of blinking, it crumbles to dust.
The flow of time bends around you.
Cheibriados rebukes the shambling mangrove.
The shambling mangrove seems to slow down.
The shambling mangrove hits you!
You die...

# #. ..#
#.####.. ...
#....#..##.#
.###..#.##.##.#
........@f..#.#
##.#)#.##..#.#
#.###.#.####
#...)......#
######.†##.#
#.>...# #######


You could see a shambling mangrove (slow).

Vanquished Creatures
  Fannar (D:10)
  2 two-headed ogres
  A centaur warrior (D:10)
  A deep elf pyromancer (D:10)
  A manticore (D:10)
  A kobold demonologist (D:10)
  3 trolls (D:10)
  A tengu conjurer (D:10)
  2 hornets (D:10)
  A shadow (D:10)
  Sigmund (D:5)
  Eustachio (D:6)
  15 yaks
  A steam dragon (D:8)
  A vampire mosquito (D:10)
  An acid dragon (D:10)
  3 water moccasins
  A floating eye (D:8)
  A sky beast (D:5)
  A black bear (D:6)
  2 hornet zombies
  3 orc warriors
  3 ice beasts
  A necrophage (D:6)
  3 ogres
  9 centaurs
  2 kobold brigands
  A bullfrog (D:6)
  A scorpion (D:4)
  2 gnoll sergeants (D:10)
  A wyvern skeleton (D:6)
  7 killer bees
  3 wights (D:10)
  3 howler monkeys
  4 centaur zombies
  A hound (D:5)
  A bullfrog skeleton (D:6)
  3 orc priests
  A gnoll shaman (D:3)
  A centaur skeleton (D:7)
  5 iguanas
  7 orc wizards
  A hound skeleton (D:4)
  2 howler monkey zombies
  8 gnolls
  7 adders
  2 shadow imps (D:6)
  An ufetubus (D:5)
  An adder skeleton (D:4)
  2 worms
  4 dart slugs
  26 orcs
  2 ball pythons
  2 bats (D:1)
  4 endoplasms
  7 giant cockroaches
  6 goblins
  6 hobgoblins
  5 jackals
  6 quokkas
  2 frilled lizards (D:1)
  13 kobolds
  4 rats
  A bush (D:7)
216 creatures vanquished.

Vanquished Creatures (collateral kills)
  An orc warrior (D:9)
  2 orc priests (D:9)
  An orc (D:9)
4 creatures vanquished.

Vanquished Creatures (others)
  2 orc warriors (D:9)
  An orc (D:10)
  4 plants
7 creatures vanquished.

Grand Total: 227 creatures vanquished

Notes
Turn   | Place    | Note
-------+----------+-------------------------------------------
     0 | D:1      | Ijustatesigmund the Gargoyle Fighter began the quest for
                  | the Orb.
     0 | D:1      | Reached XP level 1. HP: 14/14 MP: 1/1
   356 | D:1      | Reached XP level 2. HP: 20/20 MP: 2/2
   369 | D:1      | Reached skill level 4 in Fighting
   465 | D:1      | Reached XP level 3. HP: 16/24 MP: 3/3
   832 | D:1      | Found a faded altar of an unknown god.
  1174 | D:3      | Reached skill level 5 in Fighting
  1291 | D:3      | Found Kadwiurr's Distillery.
  1307 | D:3      | Bought a potion of curing for 30 gold pieces
  1307 | D:3      | Identified a scroll of acquirement
  1307 | D:3      | Acquired 1208 gold pieces
  1423 | D:3      | Reached XP level 4. HP: 31/31 MP: 4/4
  1436 | D:3      | Noticed an ogre
  1445 | D:3      | Killed an ogre
  1446 | D:3      | Reached XP level 5. HP: 24/36 MP: 5/5
  1662 | D:3      | You fall into a shaft and drop 1 floor!
  1683 | D:4      | Reached skill level 6 in Fighting
  1946 | D:3      | Reached XP level 6. HP: 27/41 MP: 6/6
  3333 | D:4      | Reached XP level 7. HP: 27/47 MP: 7/7
  3520 | D:4      | Reached skill level 7 in Fighting
  3680 | D:4      | Reached skill level 5 in Maces & Flails
  4278 | D:5      | Entered Level 5 of the Dungeon
  4283 | D:5      | Got the Handbook of the Compass
  4383 | D:5      | HP: 2/48 [hornet zombie (4)]
  4708 | D:5      | Reached skill level 1 in Dodging
  4737 | D:5      | Reached XP level 8. HP: 52/54 MP: 8/8
  5460 | D:5      | Noticed Sigmund
  5481 | D:5      | Killed Sigmund
  5482 | D:5      | Reached skill level 8 in Fighting
  6070 | D:6      | Found a burning altar of Makhleb.
  6556 | D:6      | Learned a level 1 spell: Apportation
  6582 | D:6      | Reached skill level 5 in Armour
  6582 | D:6      | Reached skill level 5 in Shields
  6667 | D:6      | Reached XP level 9. HP: 57/60 MP: 9/9
  6745 | D:6      | Noticed Eustachio
  6950 | D:6      | Reached skill level 1 in Translocations
  7019 | D:6      | Killed Eustachio
  7739 | D:7      | Found a staircase to the Ecumenical Temple.
  7744 | Temple   | Entered the Ecumenical Temple
  8073 | Temple   | Became a worshipper of Cheibriados the Contemplative
  8208 | D:7      | Reached skill level 1 in Invocations
  8289 | D:7      | Found Qucuptam's Assorted Antiques.
  8292 | D:7      | Bought an emerald potion for 28 gold pieces
  8292 | D:7      | Bought a viscous amethyst potion for 28 gold pieces
  8292 | D:7      | Bought a glowing peridot ring for 160 gold pieces
  8292 | D:7      | Bought an encrusted fluorescent wand for 128 gold pieces
  8394 | D:7      | Found Tisk's Jewellery Emporium.
  8409 | D:7      | Bought a +4 ring of evasion for 396 gold pieces
  8409 | D:7      | Bought an amulet of regeneration for 330 gold pieces
  8701 | D:7      | Reached skill level 9 in Fighting
  8724 | D:8      | Reached * piety under Cheibriados
  8753 | D:8      | Paralysed by a floating eye for 2 turns
  8760 | D:8      | Paralysed by a floating eye for 3 turns
  8866 | D:8      | Noticed an oklob plant
  8874 | D:8      | Reached skill level 1 in Evocations
  8884 | D:8      | Noticed a shambling mangrove
  8884 | D:8      | an oklob plant changed into a shambling mangrove
  8938 | D:8      | Identified the +0 robe of Impermeability {Rampage rPois
                  | Dex-3 Stlth+}
  9017 | D:8      | Noticed an oklob plant
  9098 | D:9      | Reached XP level 10. HP: 51/66 MP: 12/12
  9424 | D:9      | Found a staircase to the Orcish Mines.
  9702 | D:9      | Noticed a two-headed ogre
  9710 | D:9      | Killed a two-headed ogre
 10126 | D:10     | Entered Level 10 of the Dungeon
 10135 | D:10     | Noticed Fannar
 10144 | D:10     | Reached skill level 5 in Evocations
 10145 | D:10     | HP: 1/67 [Fannar/refrigeration (22)]
 10491 | D:10     | Reached ** piety under Cheibriados
 10598 | D:10     | Reached skill level 10 in Fighting
 10598 | D:10     | Reached XP level 11. HP: 72/72 MP: 14/14
 10605 | D:10     | Noticed a centaur warrior
 10611 | D:10     | Found a stormy altar of Qazlal.
 10611 | D:10     | Noticed a deep elf pyromancer
 10903 | D:10     | Noticed a two-headed ogre
 10916 | D:10     | Killed a two-headed ogre
 10917 | D:10     | Reached skill level 5 in Invocations
 11152 | D:10     | Killed a centaur warrior
 11406 | D:10     | Killed a deep elf pyromancer
 11440 | D:10     | Noticed a manticore
 11481 | D:10     | Killed a manticore
 11697 | D:10     | Killed Fannar
 11697 | D:10     | Reached *** piety under Cheibriados
 11698 | D:10     | Reached skill level 11 in Fighting
 11808 | D:10     | Found a hide-covered altar of Uskayaw.
 11808 | D:10     | Noticed a skeletal warrior
 11809 | D:10     | Noticed an ettin
 11810 | D:10     | Noticed a red ugly thing
 11816 | D:10     | Found a transporter.
 11827 | D:10     | Found a transporter.
 12271 | D:8      | Slain by a shambling mangrove

Illustrated notes

Levels and vault maps discovered:
D:1:      minmay_arrival_solitary_statue, layout_rooms,
          shapermc_ecumenical_altar_mp_highgroup, minmay_vboxes
D:2:      layout_basic
D:3:      minmay_door_path, layout_loops_ring, serial_shops,
          nicolae_shop_statue_plus, serial_bayou_crossing
D:4:      layout_basic, serial_glass, glass_columns_c, glass_columns_c
D:5:      layout_loops_cross, kennysheep_small_spiral,
          chequers_serial_rivers_micro_e, uniq_sigmund
D:6:      layout_loops_cross, bloody_makhleb, kennysheep_generic_room_6,
          uniq_eustachio
D:7:      layout_rooms, temple_doors_e, serial_shops, nicolae_shop_trees,
          nicolae_shop_behind_doors, kb_lookout_dungeons_type
D:8:      layout_basic, disabler_island
D:9:      layout_irregular_city, david_orc_1_choice
D:10:     hangedman_cross_cluster, layout_loops_ring,
          gammafunk_temple_overflow_arena, uniq_fannar
Temple:   mainiacjoe_temple_cubbyholes

Skill      XL: |  1  2  3  4  5  6  7  8  9 10 11 |
---------------+----------------------------------+-----
Fighting       | 4 5 6 7 8 9 10 11 | 11.2
Maces & Flails | 3 4 5 6 7 8 9 |  9.4
Dodging        | 1 2 3 |  3.2
Armour         | 5 6 8 |  8.4
Shields        | 5 |  5.5
Translocations | 1 |  1.5
Invocations    | 3 4 7 |  7.0
Evocations     | 1 6 |  6.3

Action                   |  1- 3 |  4- 6 |  7- 9 | 10-12 || total
-------------------------+-------+-------+-------+-------++-------
Melee: Flail             |   134 |   157 |   462 |   354 ||  1107
Throw: Dart              |       |       |     1 |       ||     1
Invok: Bend Time         |       |       |       |     3 ||     3
Evoke: Wand              |       |       |     1 |    28 ||    29
  Use: Scroll            |     6 |     4 |    10 |    10 ||    30
       Potion            |       |     2 |     5 |     3 ||    10
 Stab: Paralysed         |       |       |       |     7 ||     7
       Invisible         |       |       |       |     3 ||     3
       Sleeping          |       |       |       |     1 ||     1
Armor: Scale mail        |    62 |       |       |       ||    62
       Leather armour    |    22 |    67 |   301 |   164 ||   554
       Skin              |       |       |       |     7 ||     7
Dodge: Dodged            |    84 |    88 |   361 |   336 ||   869
Block: Buckler           |    29 |    38 |   189 |   133 ||   389

Table legend: (Time is in decaauts)
 A = Elapsed time spent in this place.
 B = Non-inter-level travel time spent in this place.
 C = Inter-level travel time spent in this place.
 D = Time resting spent in this place.
 E = Time spent auto-exploring this place.
 F = Levels seen in this place.
 G = Mean time per level.
                   A        B        C        D        E       F      G
               +--------+--------+--------+--------+--------+-----+--------+
         Total |  13326 |  12820 |    506 |   4113 |   5972 |  11 | 1211.5 |
       Dungeon |  12927 |  12530 |    397 |   4113 |   5683 |  10 | 1292.7 |
        Temple |    399 |    290 |    109 |      0 |    289 |   1 |  399.0 |
               +--------+--------+--------+--------+--------+-----+--------+

Top non-repeatable levels by time:
     D:5: 2160 daAuts
    D:10: 1998 daAuts
     D:3: 1981 daAuts
     D:9: 1849 daAuts
     D:4: 1202 daAuts
     D:6: 1058 daAuts
     D:7: 1031 daAuts
     D:1: 896 daAuts
     D:8: 447 daAuts
  Temple: 399 daAuts
     D:2: 299 daAuts
